 Dungeon Sprint DCSS version 0.17-a0-18-gc25b939 (webtiles) character file.

244 BluebellGnoll the Carver (level 5, 0/43 HPs)
             Began as a High Elf Skald on Mar 9, 2015.
             Was a Follower of Makhleb.
             Killed from afar by a deep elf conjurer (12 damage)
             ... with a bolt of cold
             ... in the Dungeon (Sprint V: "Ziggurat Sprint").
             The game lasted 00:02:43 (172 turns).

BluebellGnoll the Carver (High Elf Skald)            Turns: 172, Time: 00:02:44

Health: 0/43       AC: 20    Str: 17    XL:     5   Next: 83%
Magic:  12/12      EV:  2    Int: 16    God:    Makhleb [*.....]
Gold:   0          SH:  0    Dex: 21    Spells: 1 memorised, 7 levels left

rFire  + . .     SeeInvis .     p - +14 plutonium sword {Contam Stlth-}
rCold  + . .     Clarity  .     K - +5 gold dragon armour
rNeg   . . .     SustAb   .     (no shield)
rPois  +         Gourm    .     (no helmet)
rElec  .         Spirit   .     (no cloak)
rCorr  .         Warding  .     (no gloves)
rMut   .         NoTele   +     (no boots)
MR     .....                    (no amulet)
Stlth  ..........               t - +6 ring of strength
                                o - +6 ring of dexterity

@: drained, not resistant to hostile enchantments, extremely unstealthy
A: no striking features
a: Renounce Religion


You were in the Dungeon.
You worshipped Makhleb.
Makhleb was aware of your devotion.
You were not hungry.

You visited 1 branch

Inventory:

Hand weapons
 p - the +14 plutonium sword (weapon) {Contam Stlth-}
   (You found it in the Dungeon)

   It causes magical contamination when unequipped.
   It makes you less stealthy.
 M - a +5 triple sword
Armour
 J - a +5 fire dragon armour
 K - a +5 gold dragon armour (worn)
 L - a +5 ice dragon armour
Jewellery
 a - an uncursed ring of fire
 o - a +6 ring of dexterity (left hand)
 q - a +6 ring of intelligence
 r - a +6 ring of intelligence
 t - a +6 ring of strength (right hand)
Magical devices
 k - a wand of disintegration (7)
 l - a wand of fire (5)
 m - a wand of cold (5)
 n - a wand of draining (5)
Scrolls
 j - 4 scrolls of blinking
 v - 4 scrolls of amnesia
 w - 3 scrolls of recharging
 x - 7 scrolls of fog
 y - a scroll of holy word
 z - 5 scrolls of identify
 A - 5 scrolls of remove curse
 B - 2 scrolls of fear
Potions
 e - 10 potions of curing
 f - 10 potions of heal wounds
 g - 6 potions of haste
 h - 7 potions of magic
 i - 3 potions of berserk rage
 C - 2 potions of brilliance
 D - 2 potions of invisibility
 E - 2 potions of restore abilities
 F - 4 potions of resistance
 H - 5 potions of agility
 I - 5 potions of might
Books
 c - a book of Battle

   Spells                             Type                      Level
   a - Infusion                       Charms                       1
   b - Shroud of Golubria             Charms/Translocation         2
   c - Song of Slaying                Charms                       2
   d - Spectral Weapon                Hexes/Charms                 3
   e - Regeneration                   Charms/Necromancy            3
Comestibles
 d - 5 bread rations
 s - 42 fruits
 u - 4 meat rations


   Skills:
 * Level 7.4(6.9) Fighting
 * Level 9.3(8.8) Long Blades
 - Level 6.8(6.2) Armour
 - Level 1.1(0.6) Dodging
 - Level 2.4(1.9) Spellcasting
 - Level 3.6(3.1) Charms


You had 7 spell levels left.
You knew the following spells:

 Your Spells              Type           Power        Failure   Level  Hunger
a - Infusion              Chrm           ##....       100%        1    #......


Dungeon Overview and Level Annotations

Branches:
Dungeon (1/1)

Altars:
Ashenzari
Cheibriados
Dithmenos
Elyvilon
Fedhas
Gozag
Kikubaaqudgha
Makhleb
Nemelex Xobeh
Okawaru
Qazlal
Ru
Sif Muna
Trog
Vehumet
Xom
Yredelemnul
Zin
The Shining One
Beogh
Jiyva
Lugonu


Message History

The deep elf conjurer points at you and mumbles some strange words.
The bolt of negative energy hits you!
You feel drained.
* * * LOW HITPOINT WARNING * * *
The deep elf fighter hits you but does no damage.
You are too injured to fight recklessly!
You are too injured to fight recklessly!
Unknown command.
You are too injured to fight recklessly!
Unknown command.
You are too injured to fight recklessly!
You are too injured to fight recklessly!
Unknown command.
You hit the deep elf conjurer.
Mutagenic energy flows through the plutonium sword!
The deep elf conjurer's body glows momentarily.
The deep elf conjurer is heavily wounded.
The deep elf fighter hits you but does no damage.
The deep elf conjurer points at you and mumbles some strange words.
The bolt of cold hits you! You resist.
You die...

▓▓▓▓▓▓▓▓▓▓▓▓▓
▓.8©8.▓.8©8.▓
▓.}.[.▓.....▓
▓.....▓...).▓
▓...ee▓.....▓
▓...)@▓..†..▓
▓...(.▓.....▓
▓.....▓▓▓▓▓▓▓
▓▓▓▓▓▓▓


You could see a deep elf conjurer and a deep elf fighter.

Vanquished Creatures
  A deep elf fighter (D)
  A porcupine (D)
  A jackal (D)
3 creatures vanquished.

Notes
Turn   | Place    | Note
--------------------------------------------------------------
     0 | D        | BluebellGnoll, the High Elf Skald, began the quest for the Orb.
     0 | D        | Reached XP level 1. HP: 14/14 MP: 4/4
     0 | D        | Found a viscous altar of Jiyva.
     0 | D        | Found a corrupted altar of Lugonu.
     0 | D        | Found a white marble altar of Elyvilon.
     2 | D        | Found a sparkling altar of Nemelex Xobeh.
     2 | D        | Found a burning altar of Makhleb.
     2 | D        | Found a deep blue altar of Sif Muna.
     3 | D        | Found a bloodstained altar of Trog.
     6 | D        | Found an iron altar of Okawaru.
    17 | D        | Found a radiant altar of Vehumet.
    23 | D        | Found a basalt altar of Yredelemnul.
    43 | D        | Found a shimmering altar of Xom.
    56 | D        | Reached skill level 6 in Armour
    56 | D        | Reached XP level 2. HP: 19/19 MP: 6/6
    77 | D        | Became a worshipper of Makhleb the Destroyer
    80 | D        | Entered arena 1.
    80 | D        | Noticed a porcupine
    81 | D        | Killed a porcupine
    81 | D        | Reached skill level 5 in Fighting
    81 | D        | Reached skill level 7 in Long Blades
    81 | D        | Reached XP level 3. HP: 22/30 MP: 8/8
    81 | D        | Reached XP level 4. HP: 26/36 MP: 11/11
    82 | D        | Acquired Makhleb's first power
   163 | D        | Entered arena 2.
   163 | D        | Noticed a deep elf fighter
   163 | D        | Noticed a deep elf fighter
   163 | D        | Noticed a deep elf conjurer
   167 | D        | Killed a deep elf fighter
   167 | D        | Reached skill level 9 in Long Blades
   167 | D        | Reached XP level 5. HP: 37/43 MP: 12/12
   172 | D        | Killed from afar by a deep elf conjurer

Action                   |  1- 3 |  4- 6 || total
-------------------------+-------+-------++-------
Melee: Triple sword      |     1 |     8 ||     9
  Use: Potion            |     1 |       ||     1
